cohdb
Replays
Latest Replays
All Replays
Popular Replays
Top Player Replays
Match Explorer
How It Works
Community
CoH3 Stats
Reddit
Sign in to upload your games and track your stats! →
Sign in with Steam
Match 39411053
Unlisted
Match 39411053
Overview
Messages
Build Orders
End
Kettenkrad Recon Vehicle
Construct Infanterie Kompanie
Selects Terror Battlegroup
Grenadier Squad
Grenadier Squad
Medical Station
Grenadier Squad
Selects Contempt for the Weak
Infanterie Officer Quarters
Construct Panzergrenadier Kompanie
251 Medium Carrier
Selects Heavy Gunnery
Panzergrenadier Squad
Pak 40 Anti-tank Gun Team
Support Elements
StuG III G Assault Gun
Selects Propaganda Leaflet Drop
StuG III G Assault Gun
Propaganda Leaflet Drop
Panzergrenadier Officer Quarters
Propaganda Leaflet Drop
Selects Defend the Fatherland
Trion
Bighazelnut
TheSidekick
kurkipotku
0
0
Comments
sign in to comment!
No comments posted yet!